 Dungeon Crawl Stone Soup version 0.28.0-1-gb440e238dd (webtiles) character file.

Game seed: 15484489423289640514

56 Morbidden the Covered (level 3, -2/31 HPs)
             Began as a Demigod Fighter on Feb 20, 2022.
             Slain by a gnoll (14 damage)
             ... on level 2 of the Dungeon.
             The game lasted 00:02:18 (1984 turns).

Morbidden the Covered (Demigod Fighter)             Turns: 1984, Time: 00:02:18

Health: -2/31      AC:  7    Str: 21    XL:     3   Next: 48%
Magic:  5/5        EV:  9    Int: 10    God:
Gold:   104        SH:  4    Dex: 13    Spells: 2/2 levels left

rFire   . . .      SeeInvis .   a - +0 long sword
rCold   . . .      Faith    .   c - +0 buckler
rNeg    . . .      Spirit   .   f - +0 scale mail
rPois   .          Reflect  .   l - +0 helmet
rElec   .          Harm     .   (no cloak)
rCorr   .          Rampage  .   (no gloves)
Will    .....                   (no boots)
Stlth   ..........              (no amulet)
HPRegen 0.10/turn               (no ring)
MPRegen 0.09/turn               (no ring)

@: no status effects
A: high MP 1, forlorn, divine attributes
a: no special abilities


You were on level 2 of the Dungeon.
You visited 1 branch of the dungeon, and saw 3 of its levels.

You collected 104 gold pieces.

Inventory:

Hand Weapons
 a - a +0 long sword (weapon)
 b - a +0 hunting sling
Missiles
 g - 29 stones (quivered)
 j - 8 poisoned darts
 m - 4 javelins
Armour
 c - a +0 buckler (worn)
 f - a +0 scale mail (worn)
 l - a +0 helmet (worn)
Scrolls
 h - a scroll of vulnerability {unknown}
 i - a scroll of fear {unknown}
Potions
 d - a potion of might
 e - a potion of brilliance {unknown}
 k - 2 potions of flight {unknown}
 n - 2 potions of heal wounds {unknown}


   Skills:
 * Level 3.0 Fighting
 * Level 2.0 Long Blades
 + Level 1.6 Slings
 + Level 3.1 Armour
 * Level 0.1 Dodging
 + Level 3.0 Shields


You had 2 spell levels left.
You didn't know any spells.
Your spell library contained the following spells:

 Spells                   Type           Power      Damage    Failure   Level
 Sting                    Tmut/Pois      0%         1d3       80%         1
 Poisonous Vapours        Pois/Air       0%         N/A       90%         2
 Olgreb's Toxic Radiance  Pois           0%         N/A       100%        4


Dungeon Overview and Level Annotations

Branches:
Dungeon (3/15)


Innate Abilities, Weirdness & Mutations

You have an increased reservoir of magic. (+10% MP)
You shall have no god before yourself.
Your divine heritage dramatically boosts your attributes as you level up.


Message History

No target in view!
A gnoll comes into view.
It is wielding a +0 whip of electrocution.
The gnoll shouts!
You hear a shout!
A gnoll comes into view. It is wielding a +0 spear.
Things that are here:
2 stones; a jackal corpse You shoot a stone.
The stone closely misses the gnoll.
You shoot a stone. The stone hits the gnoll.
The gnoll is moderately wounded.
A gnoll sergeant comes into view. It is wielding a +5 vorpal spear.
There are monsters nearby!
You shoot a stone. The stone barely misses the gnoll.
The stone hits the gnoll but does no damage.
There are monsters nearby!
You shoot a stone. The stone barely misses the gnoll.
There are monsters nearby!
Unknown command.
Unknown command.
The gnoll hits you with a +0 whip of electrocution.
Number of times to repeat, then command key: You must enter the number of times for the command to repeat.
The gnoll hits you but does no damage.
You are electrocuted!!
Ouch! That really hurt!
There is a stone staircase leading up here.
The gnoll barely misses you.
You climb upwards.
There is a stone staircase leading down here.
Unknown command.
Unknown command.
Unknown command.
Unknown command.
a - a +0 long sword (weapon)
Unknown command.
The gnoll hits you but does no damage.
There is a stone staircase leading up here.
You barely miss the gnoll.
The gnoll is lightly wounded.
The gnoll hits you with a +0 whip of electrocution.
You are electrocuted!
You die...

.# ####################
.#############...................
...............##################
.############### # .# ######## #
## #......# #
###############......# #
.....................# #
.##############.@....# # ..##
##.g....##### # #..####
#..######...### # ......## #.##
##.....## ## ###.#..# ##.#
##....#..# #. #....# #..#
#..####''####. ###### #.##
##.##........#. ###>#
#...#........## #...#
#...#........##


You could see a gnoll.

Vanquished Creatures
  A worm (D:2)
  6 ball pythons
  5 bats
  4 endoplasms (D:1)
  4 giant cockroaches (D:1)
  3 goblins
  4 hobgoblins
  7 jackals
  5 kobolds
  4 quokkas (D:1)
  A frilled lizard (D:2)
  A rat (D:1)
45 creatures vanquished.

Notes
Turn   | Place    | Note
-------+----------+-------------------------------------------
     0 | D:1      | Morbidden the Demigod Fighter began the quest for the Orb.
     0 | D:1      | Reached XP level 1. HP: 18/18 MP: 3/3
   345 | D:1      | Reached XP level 2. HP: 25/25 MP: 4/4
   698 | D:1      | Reached skill level 1 in Slings
   721 | D:1      | Reached XP level 3. HP: 30/30 MP: 5/5
  1909 | D:3      | Noticed a gnoll sergeant
  1984 | D:2      | Slain by a gnoll

Illustrated notes

Levels and vault maps discovered:
D:1:      dpeg_chamrin_arrival_tetris, layout_loops_ring
D:2:      layout_rooms, basic_altar, kennysheep_generic_room_4
D:3:      layout_basic, mainiacjoe_overflow_big_doors, serial_shops,
          nicolae_shop_behind_doors, kennysheep_generic_room_3

Skill      XL: |  1  2  3 |
---------------+----------+-----
Armour         | 3 |  3.1
Long Blades    | 2 |  2.0
Slings         | 1 |  1.6
Fighting       | 3 |  3.0
Shields        | 3 |  3.0
Dodging        | |  0.1

Action                   || total
-------------------------++-------
Melee: Long sword        ||    22
 Fire: Hunting sling     ||   137
Armor: Scale mail        ||    48
Dodge: Dodged            ||    62
Block: Buckler           ||    26
